 Dungeon Crawl Stone Soup version 0.18-a0-1070-gd466a24 (webtiles) character file.

135 tof the Shield-Bearer (level 5, -4/42 HPs)
             Began as a Formicid Fighter on Jan 13, 2016.
             Slain by an ogre
             ... wielding a +0 giant club
              (17 damage)
             ... on level 4 of the Dungeon.
             The game lasted 00:03:00 (2098 turns).

tof the Shield-Bearer (Formicid Fighter)            Turns: 2098, Time: 00:03:01

Health: -4/42      AC: 13    Str: 20    XL:     5   Next: 41%
Magic:  5/5        EV:  8    Int:  8    God:
Gold:   67         SH:  9    Dex: 11    Spells: 0 memorised, 4 levels left

rFire  . . .     SeeInvis +     a - +0 trident
rCold  . . .     Gourm    .     s - +0 plate armour
rNeg   . . .     Faith    .     c - +0 shield
rPois  .         Spirit   .     (helmet unavailable)
rElec  .         Dismiss  .     (no cloak)
rCorr  .         Reflect  .     n - +0 pair of gloves
SustAt .         Harm     .     (no boots)
MR     .....                    (no amulet)
Stlth  ..........               (no ring)
                                k - +4 ring of evasion

@: not resistant to hostile enchantments, extremely unstealthy
A: permanent stasis, dig shafts and tunnels, four strong arms, antennae 3
a: Dig, Shaft Self


You were on level 4 of the Dungeon.
You were not hungry.

You visited 1 branch of the dungeon, and saw 4 of its levels.

You collected 67 gold pieces.

Inventory:

Hand Weapons
 a - a +0 trident (weapon)
Armour
 c - a +0 shield (worn)
 n - a +0 pair of gloves (worn)
 s - a +0 plate armour (worn)
Jewellery
 k - a +4 ring of evasion (left hand)
Scrolls
 e - a scroll of identify {unknown}
 j - a scroll of fog {unknown}
 m - a scroll of enchant armour {unknown}
 p - a scroll of teleportation {unknown}
 q - a scroll of immolation {unknown}
 r - 2 scrolls of random uselessness {unknown}
 u - a scroll of enchant weapon {unknown}
Potions
 d - 2 potions of might
 g - 2 potions of cure mutation {unknown}
 h - a potion of flight {unknown}
 l - 2 potions of curing {unknown}
 o - 2 potions of beneficial mutation {unknown}
 t - a potion of heal wounds {unknown}
Comestibles
 b - a fruit
 f - 2 bread rations
 i - 3 meat rations


   Skills:
 + Level 4.2 Fighting
 + Level 2.8 Polearms
 + Level 4.2 Armour
 + Level 0.6 Dodging
 + Level 4.6 Shields


You had 4 spell levels left.
You didn't know any spells.

Dungeon Overview and Level Annotations

Branches:
Dungeon (4/15)
 Temple: D:4-7

Altars:
Qazlal
Sif Muna


Innate Abilities, Weirdness & Mutations

You are under a permanent stasis effect.
You can dig through walls and to a lower floor.
Your four strong arms can wield two-handed weapons with a shield.
You have a pair of large antennae on your head (SInv).


Message History

The ogre hits you with a giant club.
You hit the ogre.
The ogre is heavily wounded.
You block the ogre's attack.
You hit the ogre.
The ogre is heavily wounded.
The ogre hits you with a giant club!!
Ouch! That really hurt!
You hit the ogre.
The ogre is heavily wounded.
You completely miss the ogre.
The ogre is heavily wounded.
You block the ogre's attack.
You hit the ogre.
The ogre is severely wounded.
The ogre barely misses you.
Your shield and plate armour prevent you from hitting the ogre.
The ogre is severely wounded.
The ogre hits you with a giant club!
You die...

.........# #
.........###.######
........#..........
........#.........#
##..##............#
.....#.##.........######
#.....# ###..........#
#.....# ##............
##.....##.#.....@.......
..........#.....O.......
.#..<.....#.......?.....
#......................
#........:..%..........
........................
##.....................#
#......#####.#.##.#####
#.......


You could see an ogre.

Vanquished Creatures
  An orc priest (D:3)
  2 adders
  4 gnolls (D:3)
  A worm (D:2)
  2 giant geckos
  6 orcs (D:3)
  A bat (D:1)
  3 goblins
  4 hobgoblins
  6 jackals
  A quokka (D:3)
  5 kobolds
  5 rats
41 creatures vanquished.

Notes
Turn   | Place    | Note
--------------------------------------------------------------
     0 | D:1      | tof the Formicid Fighter began the quest for the Orb.
     0 | D:1      | Reached XP level 1. HP: 18/18 MP: 1/1
   248 | D:1      | Reached XP level 2. HP: 22/24 MP: 2/2
   537 | D:2      | Reached skill level 4 in Shields
   538 | D:2      | Found a faded altar to an unknown god.
   556 | D:2      | Reached XP level 3. HP: 25/30 MP: 3/3
   584 | D:2      | Noticed an air elemental
   585 | D:2      | Found a stormy altar of Qazlal.
   588 | D:2      | Noticed a fire elemental
   588 | D:2      | Noticed an earth elemental
   588 | D:2      | Noticed a water elemental
   773 | D:2      | You fall through a shaft for 2 floors!
   913 | D:3      | Reached XP level 4. HP: 14/37 MP: 4/4
  1146 | D:3      | Reached XP level 5. HP: 35/42 MP: 5/5
  1935 | D:2      | Found a deep blue altar of Sif Muna.
  2084 | D:4      | Noticed an ogre
  2098 | D:4      | Slain by an ogre

Vault maps used:
D:1:      dpeg_arrival_erosion
D:2:      led_sif_pool, ecumenical_altar_2, nicolae_qazlal_style_of_elements
D:3:      grunt_ministairs_1, hangedman_decor_lopped
D:4:      xom_redecorated, nicolae_overflow_hidden_temple, first_bread

Action                   |  1- 3 |  4- 6 || total
-------------------------+-------+-------++-------
Melee: Trident           |    64 |   119 ||   183
  Eat: Chunk             |       |     4 ||     4
